 Dungeon Sprint DCSS version 0.23.0 (webtiles) character file.

Game seed: 261713371917784375

11119 nuthulu the Brawler (level 11, -5/115 HPs)
             Began as a Troll Fighter on Feb 17, 2019.
             Was a Priest of Uskayaw.
             Slain by a dire elephant (16 damage)
             ... in the Dungeon (Sprint V: "Ziggurat Sprint").
             The game lasted 00:06:30 (741 turns).

nuthulu the Brawler (Troll Fighter)                  Turns: 741, Time: 00:06:30

Health: -5/115     AC: 24    Str: 34    XL:     11   Next: 45%
Magic:  10/10      EV:  4    Int:  4    God:    Uskayaw [***...]
Gold:   0          SH: 33    Dex: 16    Spells: 10/10 levels left

rFire    + . .     SeeInvis .     - Unarmed
rCold    + + .     Gourm    +   E - +18 shield of the Gong {rElec rN+ MR+ EV-5}
rNeg     + . .     Faith    .   F - +5 gold dragon scales
rPois    +         Spirit   .   (helmet restricted)
rElec    +         Reflect  .   (no cloak)
rCorr    .         Harm     .   (gloves unavailable)
MR       +....     NoTele   +   (boots unavailable)
Stlth    ..........             K - amulet "Luet" {+Rage rC+}
HPRegen  0.69/turn              D - +6 ring of strength
MPRegen  0.12/turn              z - +6 ring of dexterity

@: very slightly contaminated, hasted, studying 2 skills, invisible, very quick
A: large, unfitting armour, claws 3, fast metabolism 3, gourmand, regeneration
1, shaggy fur 1, tough skin 3
a: Stomp, Line Pass, Renounce Religion, Evoke Berserk Rage


You were in the Dungeon.
You worshipped Uskayaw.
Uskayaw was noncommittal.
You were full.

You visited 1 branch

Inventory:

Armour
 a - a +0 robe
 b - a +0 shield
 E - the +18 shield of the Gong (worn) {rElec rN+ MR+ EV-5}
   (You found it in the Dungeon)

   It affects your evasion (-5).
   It insulates you from electricity.
   It protects you from negative energy.
   It affects your resistance to hostile enchantments.
 F - +5 gold dragon scales (worn)
Jewellery
 n - a +2 ring of dexterity
 y - a +6 ring of dexterity
 z - a +6 ring of dexterity (right claw)
 A - a +6 ring of intelligence
 B - a +6 ring of intelligence
 C - a +6 ring of strength
 D - a +6 ring of strength (left claw)
 H - a +5 ring of intelligence
 I - an uncursed amulet of the acrobat
 K - the amulet "Luet" (around neck) {+Rage rC+}
   (You found it in the Dungeon)

   [amulet of rage]

   It protects you from cold.
   It lets you go berserk.
Wands
 v - a wand of disintegration (7)
 w - a wand of iceblast (7)
 x - a wand of acid (7)
Scrolls
 j - 4 scrolls of blinking
 p - 4 scrolls of amnesia
 q - 7 scrolls of fog
 r - a scroll of holy word
 s - 5 scrolls of identify
 t - 5 scrolls of remove curse
 u - 2 scrolls of fear
 G - 4 scrolls of enchant weapon
Potions
 c - 6 potions of might
 e - 10 potions of curing
 f - 7 potions of heal wounds
 g - 8 potions of haste
 h - 7 potions of magic
 i - 3 potions of berserk rage
 k - 2 potions of brilliance
 l - a potion of invisibility
 m - 4 potions of resistance
 o - 5 potions of agility
Books
 J - a manual of Unarmed Combat
 L - a manual of Earth Magic
Comestibles
 d - 6 rations


   Skills:
 * Level 9.3 Fighting
 + Level 5.5 Armour
 * Level 9.5 Dodging
 - Level 1.6 Stealth
 * Level 15.6 Shields
 + Level 15.8 Unarmed Combat
 + Level 0.8 Evocations


You had 10 spell levels left.
You didn't know any spells.
Your spell library was empty.

Dungeon Overview and Level Annotations

Branches:
Dungeon (1/1)

Altars:
Ashenzari
Cheibriados
Dithmenos
Elyvilon
Fedhas
Gozag
Hepliaklqana
Kikubaaqudgha
Makhleb
Nemelex Xobeh
Okawaru
Qazlal
Ru
Sif Muna
Trog
Uskayaw
Vehumet
Wu Jian
Xom
Yredelemnul
Zin
The Shining One
Beogh
Jiyva
Lugonu

Annotations:
D 1 transporter, exclusion: oklob plant


Innate Abilities, Weirdness & Mutations

You are too large for most types of armour.
You have claws for hands.
Your metabolism is lightning-fast.
You like to eat raw meat.
Your natural rate of healing is unusually fast.
You are covered in fur. (AC +1)
You have extremely tough skin. (AC +3)


Message History

You block the dire elephant's attack.
BONNNG!
You block the apis's attack.
SHROANNG!
The satyr unwields a +0 quarterstaff.
The satyr wields a +0 fustibalus.
The satyr shoots a sling bullet.
The sling bullet hits the dire elephant!!
Unknown command.
You scratch the wind drake.
The wind drake is lightly wounded.
The satyr shoots an arrow.
The arrow hits the spriggan berserker!
You block the satyr's attack.
PANG!
You block the wind drake's attack.
PANG!
The dire elephant tramples you but does no damage.
You block the dire elephant's attack.
BONNNG!
The dire elephant tramples you!
You die...

▓▓▓▓▓▓▓▓▓▓▓▓▓.........
▓....8©8....▓....©....
▓..)))):P)..▓▓▓▓▓▓▓▓▓▓
▓...)|})}...▓...8©8...
▓...........▓..):|):..
▓...........▓...?)|...
▓...ichc..b.▓.........
▓...YYY(c...▓.........
▓..▓Y@ii.▓..▓.........
▓.▓.kY▓.▓ ▓.........
▓..▓.....▓..▓.........
▓.....©.....▓....©....
▓▓▓▓▓▓▓▓▓▓▓▓▓▓▓▓▓▓▓▓▓▓
▓...8©8...▓...8©8...▓.
▓..).=))).▓..})|)...▓.
▓..:}}[:..▓..|)|[)..▓.
▓.........▓.........▓.


You could see an apis, 2 dire elephants, 2 elephants, 3 satyrs, a wind drake, an
oklob plant, 2 spriggan berserkers, a polar bear (berserk) and a spriggan druid.

Vanquished Creatures
  A tentacled starspawn (D)
  A shadow dragon (D)
  A thrashing horror (D)
  5 soul eaters (D)
  A cyclops (D)
  A shining eye (D)
  2 toenail golems (D)
  2 eyes of devastation (D)
  3 merfolk (D)
  A hippogriff (D)
  2 steam dragons (D)
  3 acid dragons (D)
  A water moccasin (D)
  A floating eye (D)
  A swamp drake (D)
  A porcupine (D)
  2 centaurs (D)
  A wolf (D)
  4 earth elementals (D)
  A quasit (D)
  A crimson imp (D)
  An iron imp (D)
  2 jellies (D)
  An orc priest (D)
  2 orc wizards (D)
  3 iguanas (D)
  A river rat (D)
  3 adders (D)
  2 white imps (D)
  2 ufetubi (D)
  3 oozes (D)
  2 adder zombies (D)
  3 adder skeletons (D)
  An orc (D)
  A spectral bat (D)
  A bat skeleton (D)
  A bat zombie (D)
  A jackal (D)
  A ball python (D)
  A giant cockroach simulacrum (D)
  A giant cockroach zombie (D)
  A jackal skeleton (D)
  2 leopard gecko skeletons (D)
  A quokka zombie (D)
  A spectral ball python (D)
  A spectral jackal (D)
  2 starspawn tentacles (D)
77 creatures vanquished.

Notes
Turn   | Place    | Note
-------+----------+-------------------------------------------
     0 | D        | Found the +6 Majin-Bo {vamp, Archmagi MP+6 Int+6}
     0 | D        | Found the +7 great mace "Firestarter" {inner flame, rF++}
     0 | D        | nuthulu the Troll Fighter began the quest for the Orb.
     0 | D        | Reached XP level 1. HP: 22/22 MP: 0/0
     0 | D        | Found a deep blue altar of Sif Muna.
     0 | D        | Found a sacrificial altar of Ru.
     0 | D        | Found a bloodstained altar of Trog.
     0 | D        | Found a stormy altar of Qazlal.
     0 | D        | Found an iron altar of Okawaru.
     0 | D        | Found a sparkling altar of Nemelex Xobeh.
     0 | D        | Found a blossoming altar of Fedhas.
     2 | D        | Found a transporter.
     2 | D        | Found an ancient bone altar of Kikubaaqudgha.
     2 | D        | Found a viscous altar of Jiyva.
     2 | D        | Found a corrupted altar of Lugonu.
     2 | D        | Found a hazy altar of Hepliaklqana.
     2 | D        | Found a burning altar of Makhleb.
     2 | D        | Found an opulent altar of Gozag.
    18 | D        | Found the +9 heavy crossbow "Sniper" {velocity, Acc+∞ SInv}
    18 | D        | Found the +10 dark maul {crush}
    18 | D        | Found the +15 Maxwell's patent armour {-Cast -Tele rElec
                  | MR+ rCorr}
    18 | D        | Found the +18 shield of the Gong {rElec rN+ MR+ EV-5}
    18 | D        | Found the cursed +14 obsidian axe {chop, +Fly SInv *Curse}
    30 | D        | Found the +6 shillelagh "Devastator" {shatter}
    30 | D        | Found the +11 plutonium sword {*Contam Stlth-}
    30 | D        | Found the +8 lance "Wyrmbane" {slay drac, rPois rF+ rC+
                  | AC+3}
    30 | D        | Found the +9 sword of Zonguldrok {reap}
    30 | D        | Found the cursed +13 scythe of Curses {drain, *Curse}
    30 | D        | Found the +0 sword of Power
    30 | D        | Found the +7 mace of Variability {chain chaos}
    30 | D        | Found the +7 Singing Sword {slice, sonic wave}
    30 | D        | Found the +7 longbow "Piercer" {penet, EV-2}
    59 | D        | Became a worshipper of Uskayaw the Reveler
    62 | D        | Reached XP level 2. HP: 29/29 MP: 1/1
    73 | D        | Entered arena 2.
    73 | D        | Found a transporter.
    78 | D        | Reached * piety under Uskayaw
    85 | D        | Entered arena 3.
    85 | D        | Noticed a wolf
    85 | D        | Noticed a porcupine
    85 | D        | Found a transporter.
    93 | D        | Reached ** piety under Uskayaw
    94 | D        | Killed a porcupine
    94 | D        | Reached XP level 3. HP: 26/39 MP: 2/2
    94 | D        | Reached XP level 4. HP: 32/48 MP: 3/3
    94 | D        | Reached *** piety under Uskayaw
    95 | D        | Reached **** piety under Uskayaw
    96 | D        | Killed a wolf
    96 | D        | Reached skill level 5 in Shields
    96 | D        | Reached XP level 5. HP: 38/55 MP: 4/4
   107 | D        | Entered arena 4.
   107 | D        | Found a transporter.
   108 | D        | Found the +2 shield of Resistance {rF+ rC+ MR+}
   116 | D        | Reached skill level 5 in Dodging
   117 | D        | Reached skill level 5 in Fighting
   120 | D        | Reached XP level 6. HP: 38/66 MP: 5/5
   124 | D        | Entered arena 5.
   124 | D        | Found a transporter.
   127 | D        | Reached ***** piety under Uskayaw
   139 | D        | Entered arena 6.
   139 | D        | Noticed a water moccasin
   139 | D        | Found a transporter.
   153 | D        | Killed a water moccasin
   163 | D        | Entered arena 7.
   163 | D        | Noticed an acid dragon
   163 | D        | Noticed a steam dragon
   163 | D        | Noticed a steam dragon
   163 | D        | Noticed an acid dragon
   163 | D        | Noticed an acid dragon
   163 | D        | Noticed a swamp drake
   164 | D        | Found a transporter.
   169 | D        | Killed an acid dragon
   169 | D        | Reached XP level 7. HP: 70/75 MP: 6/6
   171 | D        | Reached skill level 1 in Stealth
   171 | D        | Reached skill level 10 in Unarmed Combat
   174 | D        | Reached skill level 1 in Armour
   179 | D        | Reached ****** piety under Uskayaw
   182 | D        | Killed a steam dragon
   185 | D        | Killed a steam dragon
   185 | D        | Reached XP level 8. HP: 61/83 MP: 7/7
   221 | D        | Entered arena 8.
   221 | D        | Noticed a toenail golem
   221 | D        | Noticed a toenail golem
   222 | D        | Found a transporter.
   228 | D        | Killed a toenail golem
   232 | D        | Killed a toenail golem
   232 | D        | Reached skill level 10 in Shields
   259 | D        | Reached XP level 9. HP: 15/92 MP: 8/8
   269 | D        | Entered arena 9.
   269 | D        | Noticed a merfolk
   269 | D        | Noticed a merfolk
   269 | D        | Noticed a merfolk
   269 | D        | Noticed a cyclops
   270 | D        | Found a transporter.
   274 | D        | Killed a merfolk
   274 | D        | HP: 2/93 [cyclops/large rock (24)]
   285 | D        | Killed a merfolk
   288 | D        | Killed a cyclops
   301 | D        | Killed a merfolk
   306 | D        | Entered arena 10.
   306 | D        | Noticed a thrashing horror
   306 | D        | Noticed a tentacled starspawn
   307 | D        | Found the +7 great mace "Undeadhunter" {disrupt, rN+}
   307 | D        | Found the +8 frozen axe "Frostbite" {freezing cloud, *Noise
                  | +Fly rC+}
   307 | D        | Found a transporter.
   331 | D        | Killed a thrashing horror
   331 | D        | Reached XP level 10. HP: 6/104 MP: 9/9
   331 | D        | Killed a tentacled starspawn
   478 | D        | Entered arena 11.
   478 | D        | Noticed a shining eye
   478 | D        | Noticed an eye of devastation
   478 | D        | Noticed an eye of devastation
   479 | D        | Found a transporter.
   483 | D        | Paralysed by a floating eye for 2 turns
   488 | D        | Killed a shining eye
   491 | D        | Killed an eye of devastation
   492 | D        | Killed an eye of devastation
   497 | D        | Got the amulet "Luet" {+Rage rC+}
   502 | D        | Entered arena 12.
   502 | D        | Noticed a soul eater
   502 | D        | Noticed a soul eater
   503 | D        | Noticed a shadow dragon
   504 | D        | Found a transporter.
   530 | D        | Killed a shadow dragon
   530 | D        | Reached XP level 11. HP: 12/113 MP: 10/10
   533 | D        | HP: 8/169 [soul eater/drain life (6)]
   534 | D        | Killed a soul eater
   534 | D        | Reached skill level 5 in Armour
   534 | D        | Reached skill level 15 in Unarmed Combat
   537 | D        | Killed a soul eater
   537 | D        | Reached skill level 15 in Shields
   687 | D        | Entered arena 13.
   687 | D        | Noticed a soul eater
   688 | D        | Found the +0 Maxwell's etheric cage {RegenMP+ *Contam rElec
                  | MP+4}
   688 | D        | Noticed a soul eater
   688 | D        | Noticed a soul eater
   690 | D        | Found a transporter.
   705 | D        | Killed a soul eater
   710 | D        | Killed a soul eater
   718 | D        | Killed a soul eater
   728 | D        | Entered arena 14.
   729 | D        | Noticed an apis
   729 | D        | Noticed a dire elephant
   729 | D        | Noticed a satyr
   729 | D        | Noticed a satyr
   729 | D        | Noticed a satyr
   729 | D        | Noticed a spriggan berserker
   729 | D        | Noticed a spriggan druid
   730 | D        | Noticed a dire elephant
   730 | D        | Noticed an oklob plant
   731 | D        | Noticed a spriggan berserker
   731 | D        | Found a transporter.
   741 | D        | Slain by a dire elephant

Skill      XL: |  1  2  3  4  5  6  7  8  9 10 11 |
---------------+----------------------------------+-----
Unarmed Combat | 7 8 9 10 11 13 14 15 | 15.8
Fighting       | 4 5 6 7 8 9 |  9.3
Dodging        | 4 5 6 7 9 |  9.5
Shields        | 4 5 7 9 10 12 14 15 | 15.6
Stealth        | 1 |  1.6
Armour         | 1 2 3 4 5 |  5.5
Evocations     | |  0.8

Action                   |  1- 3 |  4- 6 |  7- 9 | 10-12 || total
-------------------------+-------+-------+-------+-------++-------
Melee: Unarmed           |    12 |    38 |    96 |    75 ||   221
 Abil: Evoke Berserk Rag |       |       |       |     1 ||     1
  Use: Potion            |     1 |       |     4 |     2 ||     7
 Stab: Paralysed         |       |     2 |     6 |     9 ||    17
       Confused          |       |       |     1 |       ||     1
  Eat: Chunk             |       |     1 |     1 |       ||     2
       Ration            |       |       |       |     2 ||     2
Armor: Gold dragon scale |     6 |    19 |    55 |    40 ||   120
Dodge: Dodged            |       |     1 |    11 |     4 ||    16
Block: Shield            |    17 |    66 |   162 |   127 ||   372
